 Dungeon Crawl Stone Soup version 0.22-a0-359-g5e80d7e212 (webtiles) character file.

5156 flinch the Summoner (level 10, -28/70 HPs)
             Began as a Mummy Summoner on Apr 19, 2018.
             Was an Initiate of Gozag.
             Annihilated by a minotaur
             ... wielding a +0 broad axe
              (37 damage)
             ... in a labyrinth.
             The game lasted 00:50:27 (16671 turns).

flinch the Summoner (Mummy Summoner)               Turns: 16671, Time: 00:50:27

Health: -28/70     AC:  6    Str: 12    XL:     10   Next: 33%
Magic:  2/19       EV: 17    Int: 16    God:    Gozag
Gold:   1245       SH:  3    Dex: 19    Spells: 5/21 levels left

rFire    . . .     SeeInvis .   a - +5 dagger (venom)
rCold    . . .     Gourm    .   (no shield)
rNeg     + + +     Faith    .   B - +0 leather armour
rPois    ∞         Spirit   .   (no helmet)
rElec    .         Reflect  +   j - +0 cloak {rPois}
rCorr    .         Harm     .   D - +0 pair of gloves
MR       +....                  z - +0 pair of boots
Stlth    ++++......             L - +3 amulet of reflection (curse)
HPRegen  0.21/turn              r - ring of fire
MPRegen  0.16/turn              G - ring of stealth

@: agile, hasted, very quick
A: no food or potions, fire vulnerability, cold resistance 1, negative energy
resistance 3, torment resistance, unbreathing
a: Potion Petition, Call Merchant, Bribe Branch, Renounce Religion


You were in a labyrinth.
You worshipped Gozag.
Gozag was most pleased with you.
You were not hungry.

You visited 2 branches of the dungeon, and saw 12 of its levels.
You also visited: Labyrinth, Sewer and Bailey.

You collected 2018 gold pieces.
You spent 128 gold pieces at shops.
You paid 645 gold pieces to Gozag.

Inventory:

Hand Weapons
 a - a +5 dagger of venom (weapon)
 b - a +0 hunting sling
 c - a +4 quarterstaff of chaos
 n - a +1 shortbow of flaming
 x - a +2 whip of flaming
 M - a +4 spear of freezing
Missiles
 h - 7 javelins
 i - 73 sling bullets
 m - 110 bolts
 q - 34 poisoned needles
 y - 99 arrows
 C - 17 tomahawks
 E - a throwing net
 F - 3 poisoned javelins (quivered)
Armour
 j - a +0 cloak of poison resistance (worn)
 k - a +0 buckler
 z - a +0 pair of boots (worn)
 B - a +0 leather armour (worn)
 D - a +0 pair of gloves (worn)
Jewellery
 r - a ring of fire (left hand)
 G - a ring of stealth (right hand)
 K - an uncursed ring of protection from cold
 L - a cursed +3 amulet of reflection (around neck)
Wands
 d - a wand of polymorph (10)
 e - a wand of acid (7)
 s - a wand of flame (27)
 u - a wand of random effects (20)
 H - a wand of enslavement (19)
Scrolls
 f - 2 scrolls of amnesia
 g - a scroll of identify
 l - 2 scrolls of fog
 o - a scroll of immolation {unknown}
 p - 6 scrolls of remove curse
 t - 2 scrolls of blinking
 v - 4 scrolls of enchant armour {unknown}
 w - 8 scrolls of teleportation
 A - a scroll of magic mapping
 I - a scroll of noise {unknown}
 J - a scroll of enchant weapon


   Skills:
 - Level 3.4 Fighting
 - Level 2.1 Short Blades
 + Level 3.2 Armour
 - Level 1.5 Dodging
 - Level 1.5 Stealth
 + Level 6.2 Spellcasting
 * Level 10.0 Summonings
 - Level 4.0 Ice Magic
 - Level 4.0 Air Magic


You had 5 spell levels left.
You knew the following spells:

 Your Spells              Type           Power        Failure   Level  Hunger
a - Call Canine Familiar  Summ           #####...     1%          3    N/A
b - Summon Lightning Spi  Summ/Air       ####....     10%         4    N/A
c - Summon Guardian Gole  Hex/Summ       ###.....     7%          3    N/A
e - Call Imp              Summ           #####...     1%          2    N/A
r - Summon Ice Beast      Ice/Summ       ####....     10%         4    N/A

Dungeon Overview and Level Annotations

Branches:
Dungeon (10/15)            Temple (0/1) D:6            Lair (0/6) D:9
    Orc (2/2) D:9             Elf (0/3) Orc:2

Altars:
Ashenzari
Gozag
Sif Muna
Vehumet
Yredelemnul
Zin
The Shining One
Beogh

Shops:
Orc:1 ?

Annotations:
D:3 KleinerIrrer's ghost, amateur NaGl
D:5 psch's ghost, novice OgBe


Innate Abilities, Weirdness & Mutations

You do not eat or drink.
Your flesh is vulnerable to fire.
You are immune to poison.
Your flesh is cold resistant. (rC+)
You are immune to negative energy. (rN+++)
You are immune to unholy pain and torment.
You can survive without breathing.


Message History

Confirm with . or Enter, or press ? or * to list all spells.
Aiming: Summon Lightning Spire (safe; 10% risk of failure)
Press: ? - help, Dir - move target cursor, p - minotaur An electric hum fills the air.
You barely miss the minotaur.
The minotaur is heavily wounded.
The minotaur hits you with a broad axe!!
* * * LOW HITPOINT WARNING * * *
The minotaur hits your lightning spire but does no damage.
The minotaur gores you!
* * * LOW HITPOINT WARNING * * *
Throwing (i - inventory. (/) - cycle)
F - 4 poisoned javelins (quivered)
Press: ? - help, Shift-Dir - straight line, f - minotaur
Aim: a minotaur, wielding a broad axe, wearing a plate armour, wearing a shield and wearing a gilded ring (heavily wounded)
You throw a poisoned javelin. The poisoned javelin hits the minotaur.
The minotaur is heavily wounded.
The minotaur hits you with a broad axe!!!
Ouch! That really hurt!
You die...
Your body crumbles into a pile of gold.

### .# .§§#.#
#§#.# ##### ### .
.§.#.#.. #.. #.#
#.#.### #.#
#...#...#.# #.#
###.###.#.#####.#
#...#.....#...#.
### #.#.#.###@#
#.....#.#..(H.# .
## ##.###8#####
#.# #.# ### ###.
# .. # #


You could see a minotaur and a friendly lightning spire.

Vanquished Creatures
  Pikel (D:3)
  Maurice (D:8)
  2 hornets
  A yak (D:8)
  A hungry ghost (D:9)
  Menkaure (D:5)
  A hell hound (D:9)
  A slave (D:3)
  3 orc warriors
  A necrophage (D:8)
  4 centaurs
  5 ogres
  A crocodile (Sewer)
  A gnoll sergeant (D:6)
  2 scorpions
  2 killer bees (D:9)
  2 howler monkeys
  4 crimson imps
  5 hounds
  Crazy Yiuf (D:5)
  5 orc priests
  A jelly (D:9)
  A bullfrog skeleton (D:9)
  4 orc wizards
  8 worker ants
  A killer bee zombie (D:6)
  A hound skeleton (D:6)
  2 gnolls (D:3)
  7 adders
  2 shadow imps (D:6)
  An ooze (D:2)
  An adder zombie (D:6)
  4 dart slugs
  5 leopard geckos
  25 orcs
  7 giant cockroaches
  11 goblins
  7 hobgoblins
  8 jackals
  7 kobolds
  2 quokkas (D:6)
  10 bats
  A frilled lizard (D:1)
  A giant cockroach zombie (D:5)
  A jackal zombie (D:9)
  2 leopard gecko skeletons
  2 quokka skeletons (D:5)
  7 rats
174 creatures vanquished.

Vanquished Creatures (collateral kills)
  A two-headed ogre (D:9)
  A troll (Orc:1)
  A hippogriff (D:9)
  A spriggan (D:9)
  2 yaks (D:8)
  A hell hound (D:9)
  2 ice beasts
  3 orc warriors
  A black bear (D:8)
  An ogre (D:3)
  A centaur (D:6)
  A bullfrog (D:6)
  A water moccasin zombie (D:9)
  A water moccasin skeleton (D:9)
  4 wights (D:9)
  A centaur zombie (D:9)
  4 crimson imps
  A hound (D:9)
  3 orc priests
  5 orc wizards
  A centaur skeleton (D:9)
  A bullfrog skeleton (D:5)
  A worker ant (D:7)
  A hound zombie (D:9)
  9 gnolls
  A worm (D:3)
  2 leopard geckos
  20 orcs
  A ball python (D:2)
  3 bats
  3 goblins
  3 hobgoblins
  11 jackals
  2 kobolds (D:1)
95 creatures vanquished.

Vanquished Creatures (others)
  3 fungi (D:4)
3 creatures vanquished.

Grand Total: 272 creatures vanquished

Notes
Turn   | Place    | Note
-------+----------+-------------------------------------------
     0 | D:1      | flinch the Mummy Summoner began the quest for the Orb.
     0 | D:1      | Reached XP level 1. HP: 13/13 MP: 4/4
   306 | D:1      | Reached XP level 2. HP: 10/20 MP: 2/5
   493 | D:1      | Reached skill level 1 in Fighting
   591 | D:1      | Learned a level 2 spell: Call Imp
   881 | D:1      | Reached XP level 3. HP: 21/26 MP: 7/7
  1111 | D:2      | Learned a level 3 spell: Call Canine Familiar
  1156 | D:2      | Reached skill level 4 in Summonings
  1695 | D:3      | Found a glowing golden altar of the Shining One.
  1747 | D:3      | Reached XP level 4. HP: 32/32 MP: 8/8
  1820 | D:3      | Noticed an ogre
  1827 | D:3      | Killed an ogre
  1827 | D:3      | Reached skill level 1 in Short Blades
  2063 | D:3      | Noticed KleinerIrrer's ghost (amateur NaGl)
  2181 | D:3      | Reached XP level 5. HP: 30/37 MP: 9/9
  2417 | D:4      | Reached skill level 5 in Summonings
  2579 | D:4      | Noticed a slave
  2740 | D:4      | Learned a level 4 spell: Summon Ice Beast
  2867 | D:4      | Found a glowing drain.
  2886 | Sewer    | Entered a sewer
  2897 | Sewer    | Reached XP level 6. HP: 31/43 MP: 2/10
  3233 | D:4      | Noticed a slave
  3602 | D:3      | Reached skill level 1 in Ice Magic
  4148 | D:4      | Noticed Pikel
  4148 | D:4      | Noticed a slave
  4148 | D:4      | Noticed a slave
  4166 | D:3      | Killed Pikel
  4166 | D:3      | Reached skill level 6 in Summonings
  4166 | D:3      | Reached XP level 7. HP: 10/48 MP: 4/13
  4440 | D:4      | Learned a level 4 spell: Summon Lightning Spire
  4497 | D:5      | Entered Level 5 of the Dungeon
  4627 | D:5      | Found an opulent altar of Gozag.
  4633 | D:5      | Became a worshipper of Gozag Ym Sagoz the Greedy
  4671 | D:5      | Noticed psch's ghost (novice OgBe)
  4952 | D:5      | Found a runed door.
  4956 | D:5      | Noticed Crazy Yiuf
  4972 | D:5      | Killed Crazy Yiuf
  5180 | D:5      | Noticed Menkaure
  5186 | D:5      | Reached XP level 8. HP: 51/54 MP: 9/15
  5190 | D:5      | Killed Menkaure
  5190 | D:5      | Reached skill level 5 in Spellcasting
  5609 | D:6      | Reached skill level 7 in Summonings
  7488 | D:6      | Found a staircase to the Ecumenical Temple.
  7891 | D:7      | Found a radiant altar of Vehumet.
  7891 | D:7      | Found a glowing golden altar of the Shining One.
  7981 | D:7      | Found a flagged portal.
  7992 | Bailey   | Entered a bailey
  8001 | Bailey   | Noticed an orc knight
  8413 | D:7      | Reached skill level 1 in Armour
  8415 | D:7      | Reached skill level 8 in Summonings
  8737 | D:7      | Reached XP level 9. HP: 59/59 MP: 18/18
  9342 | D:8      | Reached skill level 1 in Air Magic
 10269 | D:8      | HP: 2/61 [centaur/shortbow (6)]
 10890 | D:8      | Noticed Maurice
 10935 | D:8      | Killed Maurice
 11312 | D:8      | Reached skill level 9 in Summonings
 12076 | D:9      | Noticed a two-headed ogre
 12107 | D:9      | Found a staircase to the Lair.
 12301 | D:10     | Entered Level 10 of the Dungeon
 12301 | D:10     | Noticed a troll
 12786 | D:9      | Reached XP level 10. HP: 70/70 MP: 15/19
 13040 | D:9      | Found a staircase to the Orcish Mines.
 13072 | D:9      | Found a roughly hewn altar of Beogh.
 13265 | D:9      | Killed a two-headed ogre
 13809 | D:9      | Found a basalt altar of Yredelemnul.
 13809 | D:9      | Found a glowing silver altar of Zin.
 13814 | D:9      | Found a shattered altar of Ashenzari.
 13816 | D:9      | Found a faded altar of an unknown god.
 13817 | D:9      | Found a deep blue altar of Sif Muna.
 14202 | Orc:1    | Entered Level 1 of the Orcish Mines
 14392 | Orc:1    | Found Ajid Tita's Magic Scroll Shoppe.
 14399 | Orc:1    | Bought a scroll of teleportation for 48 gold pieces
 14399 | Orc:1    | Bought a scroll of teleportation for 48 gold pieces
 14399 | Orc:1    | Bought a scroll of fog for 32 gold pieces
 14741 | Orc:1    | Found a roughly hewn altar of Beogh.
 14761 | Orc:1    | Reached skill level 10 in Summonings
 14941 | Orc:2    | Entered Level 2 of the Orcish Mines
 14950 | Orc:2    | Found a labyrinth entrance.
 14956 | Orc:2    | Noticed an orc warlord
 14959 | Lab      | Entered a labyrinth
 15072 | Lab      | Learned a level 3 spell: Summon Guardian Golem
 15095 | Lab      | Noticed a minotaur
 16671 | Lab      | Annihilated by a minotaur

Vault maps used:
D:1:      sevenhm_arrival_forest_fort_small_4
D:2:      first_ration, minmay_misc_feat_columns
D:3:      nicolae_tso_swordbearing_angel
D:4:      serial_aquarium, aquarium_bridge_straight, aquarium_window_2,
          aquarium_window_corner, aquarium_window_1, aquarium_window_1,
          aquarium_view_2e, gup_sewer_entry_pipe, minmay_misc_feat_five,
          uniq_pikel
D:5:      nicolae_gozag_cash_rules_everything_around_me,
          uniq_crazy_yiuf_cottage, uniq_menkaure
D:6:      minmay_temple_entry_glass
D:7:      grunt_temple_overflow_open, enter_bailey_2
D:8:      uniq_maurice
D:9:      chequers_temple_overflow_minitemple, minmay_lair_entry_lava,
          minmay_orc_entry_temple_small, the_bakery
D:10:     uniq_urug
Orc:1:    serial_shops, nicolae_shop_statue_plus, david_defended_altar_orc
Orc:2:    grunt_orc_community_town_hall, grunt_orc_community_big_house_1,
          grunt_orc_community_big_house_1, grunt_orc_community_house_1,
          grunt_orc_community_house_1, grunt_orc_community_house_2,
          grunt_orc_community_house_2, grunt_orc_community_house_1,
          lab_entry_generic, mines4_lemuel
Lab:      nicolae_lab_dead_adventurers, labyrinth_skeletal_remains, lab_block
Sewer:    sewer_big_baddie
Bailey:   bailey_polearm_4, bailey

Skill      XL: |  1  2  3  4  5  6  7  8  9 10 |
---------------+-------------------------------+-----
Fighting       | 1 3 |  3.4
Summonings     | 4 5 6 8 9 10 | 10.0
Spellcasting   | 3 4 6 |  6.2
Short Blades   | 1 2 |  2.1
Ice Magic      | 2 4 |  4.0
Armour         | 1 2 3 |  3.2
Air Magic      | 3 4 |  4.0
Dodging        | |  1.5
Stealth        | |  1.5

Action                   |  1- 3 |  4- 6 |  7- 9 | 10-12 || total
-------------------------+-------+-------+-------+-------++-------
Melee: Unarmed           |     9 |       |       |       ||     9
       Dagger            |    83 |    73 |   389 |    46 ||   591
       Short sword       |    19 |       |       |       ||    19
 Fire: Hunting sling     |       |    27 |    23 |       ||    50
Throw: Javelin           |       |       |     4 |     1 ||     5
 Cast: Summon Small Mamm |    22 |       |       |       ||    22
       Call Imp          |     2 |    13 |    40 |     1 ||    56
       Call Canine Famil |     1 |    15 |    22 |     4 ||    42
       Summon Ice Beast  |       |       |    27 |    15 ||    42
       Summon Lightning  |       |       |    15 |    32 ||    47
       Summon Guardian G |       |       |       |    18 ||    18
Invok: Potion Petition   |       |       |     1 |     1 ||     2
Evoke: Wand              |       |       |       |     2 ||     2
  Use: Scroll            |       |     3 |     4 |     2 ||     9
 Stab: Distracted        |     2 |     1 |     3 |     1 ||     7
       Sleeping          |       |     2 |     5 |     1 ||     8
Armor: Robe              |    32 |    13 |    56 |     5 ||   106
       Leather armour    |       |       |       |     6 ||     6
Dodge: Dodged            |    80 |    44 |   205 |    35 ||   364
Block: Other             |       |       |       |     2 ||     2

Table legend:
 A = Spawn XP
 B = Non-spawn XP
 C = Spawn XP percentage of total XP
 D = Spawn monster count
 E = Non-spawn monster count
 F = Spawn count percentage of total count
 G = Total turns spent on level
                    A         B        C        D         E        F      G
               +---------+---------+-------+---------+---------+-------+---------
         Total |       0 |    7366 |   0.0 |       0 |     268 |   0.0 | 16671
               +---------+---------+-------+---------+---------+-------+---------
           D:1 |       0 |      49 |   0.0 |       0 |      34 |   0.0 |  1106
           D:2 |       0 |      33 |   0.0 |       0 |      18 |   0.0 |   553
           D:3 |       0 |     694 |   0.0 |       0 |      36 |   0.0 |  1597
           D:4 |       0 |     188 |   0.0 |       0 |      16 |   0.0 |  1029
           D:5 |       0 |     445 |   0.0 |       0 |      17 |   0.0 |  1514
           D:6 |       0 |    1123 |   0.0 |       0 |      39 |   0.0 |  1930
           D:7 |       0 |     275 |   0.0 |       0 |      17 |   0.0 |  1282
           D:8 |       0 |    1735 |   0.0 |       0 |      24 |   0.0 |  2746
           D:9 |       0 |    2127 |   0.0 |       0 |      46 |   0.0 |  1982
         Orc:1 |       0 |     596 |   0.0 |       0 |      14 |   0.0 |   739
         Sewer |       0 |      99 |   0.0 |       0 |       6 |   0.0 |   320
        Bailey |       0 |       2 |   0.0 |       0 |       1 |   0.0 |    19
               +---------+---------+-------+---------+---------+-------+---------
